 Dungeon Crawl Stone Soup version 0.27.1-33-g824d729ab1 (webtiles) character file.

Game seed: 18209433410922632708

669 mcbry74 the Cudgeller (level 7, 0/66 HPs)
             Began as a Troll Berserker on Dec 28, 2021.
             Was a Priest of Trog.
             Succumbed to a water moccasin's poison
             ... on level 5 of the Dungeon.
             The game lasted 00:13:25 (4203 turns).

mcbry74 the Cudgeller (Troll Berserker)             Turns: 4203, Time: 00:13:26

Health: 0/66       AC:  3    Str: 29    XL:     7   Next: 32%
Magic:  6/6        EV: 10    Int:  4    God:    Trog [***...]
Gold:   124        SH:  0    Dex:  9    Spells: 6/6 levels left

rFire    . . .     SeeInvis .   a - +0 mace
rCold    . . .     Faith    .   (no shield)
rNeg     . . .     Spirit   .   d - +0 animal skin
rPois    .         Reflect  .   (helmet restricted)
rElec    .         Harm     .   (no cloak)
rCorr    .         Rampage  .   (gloves unavailable)
Will     .....                  (boots unavailable)
Stlth    +.........             y - amulet of the acrobat
HPRegen  1.21/turn              (no ring)
MPRegen  0.10/turn              (no ring)

@: lethally poisoned (0 -> -11), on berserk cooldown, hasted, very quick
A: large, unfitting armour, claws 3, regeneration 1, shaggy fur 1, tough skin 1,
deformed body, mutation resistance 1, strong 1
a: Renounce Religion, Berserk, Trog's Hand


You were on level 5 of the Dungeon.
You worshipped Trog.
Trog was most pleased with you.
You visited 2 branches of the dungeon, and saw 7 of its levels.

You collected 124 gold pieces.

Inventory:

Hand Weapons
 a - a +0 mace (weapon)
 b - a +0 hunting sling
 h - a +0 quarterstaff
Missiles
 g - 44 sling bullets
 k - 59 stones (quivered)
Armour
 d - a +0 animal skin (worn)
Jewellery
 y - an amulet of the acrobat (around neck)
Wands
 x - a wand of flame (18)
Scrolls
 c - a scroll of holy word {unknown}
 e - a scroll of immolation {unknown}
 f - 3 scrolls of teleportation {unknown}
 i - 6 scrolls of identify {unknown}
 j - 2 scrolls of vulnerability {unknown}
 m - a scroll of amnesia {unknown}
 o - a scroll of enchant armour {unknown}
 u - a scroll of fear {unknown}
 w - a scroll of fog {unknown}
Potions
 l - a potion of mutation
 n - a potion of brilliance {unknown}
 p - a potion of flight {unknown}
 q - a potion of magic {unknown}
 r - 2 potions of curing {unknown}
 s - a potion of ambrosia
 t - a potion of haste
 v - a potion of resistance {unknown}


   Skills:
 - Level 2.4 Fighting
 + Level 7.9 Maces & Flails
 - Level 2.4 Dodging


You had 6 spell levels left.
You didn't know any spells.
Your spell library was empty.

Dungeon Overview and Level Annotations

Branches:
Dungeon (6/15)             Temple (1/1) D:4

Altars:
Ashenzari
Nemelex Xobeh
Sif Muna
Xom
The Shining One

Shops:
D:4 :


Innate Abilities, Weirdness & Mutations

You are too large for most types of armour.
You have claws for hands.
Your natural rate of healing is unusually fast.
You are covered in fur. (AC +1)
You have tough skin. (AC +1)
Armour fits poorly on your strangely shaped body.
You are somewhat resistant to further mutation.
Your muscles are strong. (Str +2)


Message History

You are confused.
You feel invigorated.
You feel sick.
You are no longer poisoned.
The water moccasin bites you.
* * * LOW HITPOINT WARNING * * *
The water moccasin bites you.
* * * LOW HITPOINT WARNING * * *
You are lethally poisoned!
The water moccasin poisons you!
You feel very sick. The water moccasin closely misses you.
You feel very sick.
The water moccasin completely misses you.
You're too confused to move!
Your skin stops crawling.
You feel less strong-willed.
You feel sick.
The water moccasin barely misses you. x2
You bump into the rock wall.
You feel less invigorated.
You feel less confused.
You feel sick. The water moccasin barely misses you.
The water moccasin bites you!
* * * LOW HITPOINT WARNING * * *
You barely miss the water moccasin.
The water moccasin is severely wounded.
You feel sick. The water moccasin bites you.
* * * LOW HITPOINT WARNING * * *
You are more poisoned.
The water moccasin poisons you! The water moccasin bites you.
* * * LOW HITPOINT WARNING * * *
You are lethally poisoned!
The water moccasin poisons you!
It was a potion of haste.
You feel yourself speed up.
You feel yourself speed up.
* * * LOW HITPOINT WARNING * * *
You feel extremely sick. The water moccasin bites you.
* * * LOW HITPOINT WARNING * * *
The water moccasin misses you.
You hit the water moccasin.
The water moccasin is almost dead.
You die...

#.# #....# #..........#
#.# #.##.# ##......#....
#.#####...)###....)..#....
#.......##..)).......##...
####.#####)###........#...
#.### #.# ##.).....##.#
#...# #.# #.###....#.#
#[#.###S# #...###.####
#.....@.# #'....###...
###.##### ........#._.
##.# .......###.$. ##..#
......### +#
##...####.....###
#.......+.....S
##...####...... ##..# ##.#


You could see a water moccasin.

Vanquished Creatures
  A hornet zombie (D:4)
  A scorpion (D:4)
  A water moccasin zombie (D:5)
  2 orc priests
  A hound (D:4)
  A bullfrog skeleton (D:6)
  A gnoll shaman (D:5)
  Natasha (twice) (D:3)
  An orc wizard (D:5)
  An iguana (D:5)
  A hound skeleton (D:5)
  4 gnolls (D:5)
  7 adders
  A shadow imp (D:5)
  2 ufetubi (D:4)
  2 adder skeletons
  2 worms
  2 dart slugs
  8 orcs
  2 bats
  9 endoplasms
  2 giant cockroaches (D:2)
  4 goblins
  2 hobgoblins (D:1)
  3 kobolds
  5 quokkas
  4 ball pythons
  4 frilled lizards
  4 rats
80 creatures vanquished.

Notes
Turn   | Place    | Note
-------+----------+-------------------------------------------
     0 | D:1      | mcbry74 the Troll Berserker began the quest for the Orb.
     0 | D:1      | Reached XP level 1. HP: 22/22 MP: 0/0
   233 | D:1      | Reached skill level 3 in Maces & Flails
   386 | D:1      | Reached XP level 2. HP: 29/29 MP: 1/1
  1080 | D:2      | Reached ** piety under Trog
  1093 | D:2      | Reached XP level 3. HP: 35/36 MP: 2/2
  1105 | D:2      | Reached skill level 4 in Maces & Flails
  1139 | D:2      | Reached XP level 4. HP: 44/44 MP: 3/3
  1738 | D:2      | Reached skill level 5 in Maces & Flails
  2234 | D:3      | Noticed Natasha
  2243 | D:3      | Killed Natasha
  2244 | D:3      | Reached XP level 5. HP: 33/50 MP: 4/4
  2578 | D:3      | Noticed Natasha
  2589 | D:3      | Killed Natasha
  2719 | D:4      | Reached skill level 6 in Maces & Flails
  2808 | D:4      | You fall into a shaft and drop 2 floors!
  2840 | D:6      | Reached XP level 6. HP: 53/59 MP: 5/5
  2846 | D:5      | Entered Level 5 of the Dungeon
  3156 | D:4      | Found a staircase to the Ecumenical Temple.
  3162 | Temple   | Entered the Ecumenical Temple
  3317 | D:4      | HP: 2/88 [hornet zombie (8)]
  3467 | D:4      | Found Weynlox's Book Shoppe.
  3517 | D:4      | Reached skill level 7 in Maces & Flails
  3702 | D:5      | Reached *** piety under Trog
  3811 | D:5      | Reached XP level 7. HP: 66/66 MP: 6/6
  3856 | D:5      | Found a shimmering blue altar of Sif Muna.
  3941 | D:5      | Found a shimmering altar of Xom.
  4123 | D:5      | Found a broken altar of Ashenzari.
  4192 | D:5      | HP: 2/66 [water moccasin (6)]
  4195 | D:5      | Gained mutation: Armour fits poorly on your strangely
                  | shaped body. [potion of mutation]
  4195 | D:5      | Gained mutation: Your muscles are strong. (Str +2) [potion
                  | of mutation]
  4195 | D:5      | Gained mutation: You are somewhat resistant to further
                  | mutation. [potion of mutation]
  4203 | D:5      | Succumbed to a water moccasin's poison

Illustrated notes

Levels and vault maps discovered:
D:1:      saegor_arrival_simple_b, layout_basic
D:2:      layout_loops_ring, serial_aquarium, aquarium_bridge_square
          [aquarium_subvault_bridge, aquarium_subvault_bridge,
          aquarium_subvault_bridge, aquarium_subvault_bridge],
          aquarium_bridge_long_separate [aquarium_subvault_bridge,
          aquarium_subvault_window, aquarium_subvault_bridge,
          aquarium_subvault_wall, aquarium_subvault_bridge,
          aquarium_subvault_bridge], aquarium_window_1, aquarium_window_1,
          aquarium_view_2d, aquarium_balcony_1a, aquarium_pool_2,
          mrwooster_statue_mirror
D:3:      layout_loops_cross, uniq_natasha
D:4:      layout_basic, temple_statues, serial_shops, nicolae_square_shop,
          hangedman_abyss_or_decor_slice
D:5:      layout_loops_corners, mainiacjoe_overflow_tiny_flanked,
          nicolae_ashenzari_panopticon, lemuel_doored_altar,
          kennysheep_slug_shrine
D:6:      layout_loops_corners, bloody_makhleb,
          nicolae_yredelemnul_corpse_copse, uniq_grinder
Temple:   compressed_dpeg_triangle_lava_temple

Skill      XL: |  1  2  3  4  5  6 |
---------------+-------------------+-----
Maces & Flails | 3 4 5 6 7 |  7.9
Fighting       | |  2.4
Dodging        | |  2.4

Action                   |  1- 3 |  4- 6 |  7- 9 || total
-------------------------+-------+-------+-------++-------
Melee: Mace              |    66 |   131 |    42 ||   239
 Fire: Hunting sling     |       |    50 |    13 ||    63
Invok: Berserk           |       |     1 |     2 ||     3
       Trog's Hand       |       |       |     1 ||     1
  Use: Potion            |       |       |     3 ||     3
 Stab: Sleeping          |     1 |     1 |       ||     2
Armor: Animal skin       |    13 |    42 |     7 ||    62
Dodge: Dodged            |    26 |    57 |    28 ||   111
